 Dungeon Crawl Stone Soup version 0.21-a0-404-g291f19a (webtiles) character file.

58 kae the Digger (level 4, -3/24 HPs)
             Began as a Gargoyle Earth Elementalist on Oct 26, 2017.
             Killed by divine providence
             ... invoked by an orc priest
              (10 damage)
             ... on level 3 of the Dungeon.
             The game lasted 00:01:17 (2401 turns).

kae the Digger (Gargoyle Earth Elementalist)        Turns: 2401, Time: 00:01:17

Health: -3/24      AC:  5    Str: 11    XL:     4   Next: 2%
Magic:  4/8        EV: 12    Int: 17    God:
Gold:   148        SH:  0    Dex: 10    Spells: 8/9 levels left

rFire    . . .     SeeInvis .   (no weapon)
rCold    . . .     Gourm    .   (no shield)
rNeg     + . .     Faith    .   c - +0 robe
rPois    ∞         Spirit   .   (no helmet)
rElec    +         Reflect  .   (no cloak)
rCorr    .         Harm     .   (no gloves)
MR       .....                  (no boots)
Stlth    ++........             (no amulet)
HPRegen  0.08/turn              (no ring)
MPRegen  0.11/turn              (no ring)

@: no status effects
A: negative energy resistance 1, electricity resistance, unbreathing,
petrification resistance, rot immunity, AC +3
a: no special abilities


You were on level 3 of the Dungeon.
You were near starving.

You visited 1 branch of the dungeon, and saw 3 of its levels.

You collected 148 gold pieces.

Inventory:

Missiles
 b - 51 stones (quivered)
Armour
 c - a +0 robe (worn)
Scrolls
 a - 2 scrolls of immolation {unknown}
 g - 2 scrolls of remove curse {unknown}
 h - a scroll of blinking {unknown}
 j - 4 scrolls of recharging {unknown}
 k - a scroll of identify {unknown}
 n - a scroll of teleportation {unknown}
 r - a scroll of enchant weapon {unknown}
Potions
 f - 3 potions of curing {unknown}
 l - a potion of haste {unknown}
 m - a potion of agility {unknown}
 p - a potion of flight {unknown}
 q - a potion of mutation {unknown}
Books
 e - a book of Geomancy

   Spells                             Type                      Level
   a - Sandblast                      Earth                        1
   b - Passwall                       Transmutation/Earth          2
   c - Stone Arrow                    Conjuration/Earth            3
   d - Petrify                        Transmutation/Earth          4
   e - Lee's Rapid Deconstruction     Earth                        5
Comestibles
 d - 2 bread rations
 i - a royal jelly
 o - a meat ration


   Skills:
 - Level 1.5 Dodging
 - Level 2.1 Stealth
 + Level 3.1 Spellcasting
   Level 0.7 Transmutations
 + Level 4.8 Earth Magic


You had 8 spell levels left.
You knew the following spells:

 Your Spells              Type           Power        Failure   Level  Hunger
a - Sandblast             Erth           ###...       2%          1    None


Dungeon Overview and Level Annotations

Branches:
Dungeon (3/15)

Altars:
Ashenzari


Innate Abilities, Weirdness & Mutations

You are resistant to torment.
Your stone body is resilient. (AC +3)
You are immune to poison.
You resist negative energy. (rN+)
You are resistant to electric shocks. (rElec)
You can survive without breathing.
You are immune to petrification.
You are immune to rotting.


Message History

Casting: Sandblast
Confirm with . or Enter, or press ? or * to list all spells.
Aiming: Sandblast
Press: ? - help, Shift-Dir - straight line, f/p - orc priest
Aim: an orc priest, wearing a ring mail The blast of sand hits the orc priest.
b - 52 stones
Casting: Sandblast
Confirm with . or Enter, or press ? or * to list all spells.
Aiming: Sandblast
Press: ? - help, Shift-Dir - straight line, f/p - orc priest
Aim: an orc priest, wearing a ring mail The blast of sand hits the orc priest.
The orc priest is lightly wounded.
b - 51 stones The rat bites you.
* * * LOW HITPOINT WARNING * * *
The orc priest calls down the wrath of Beogh upon you.
Beogh smites you!
You die...

##> # .. .. #.
..# #.######...#
#........#.#
.#####...÷.......
........o%)÷.....
.......@r....[...
#...###........#.
.. ............
#####........
#........
#.......)
#........ ....?..


You could see an orc priest and a rat.

Vanquished Creatures
  An adder (D:2)
  2 worms (D:2)
  3 dart slugs (D:2)
  2 leopard geckos
  3 orcs (D:3)
  4 bats
  4 hobgoblins
  2 jackals (D:2)
  2 kobolds (D:1)
  2 frilled lizards
  5 goblins
  A rat (D:1)
31 creatures vanquished.

Notes
Turn   | Place    | Note
-------+----------+-------------------------------------------
     0 | D:1      | kae the Gargoyle Earth Elementalist began the quest for the Orb.
     0 | D:1      | Reached XP level 1. HP: 10/10 MP: 3/3
   862 | D:1      | Reached XP level 2. HP: 14/15 MP: 3/5
   939 | D:1      | Reached skill level 4 in Earth Magic
  1281 | D:2      | Found a faded altar of an unknown god.
  1475 | D:2      | Reached XP level 3. HP: 14/19 MP: 2/7
  1867 | D:2      | Found a shattered altar of Ashenzari.
  1871 | D:2      | Saw a vision of the Shoals and the Snake Pit.
  1871 | D:2      | Noticed a merfolk
  1871 | D:2      | Noticed a hippogriff
  1871 | D:2      | Noticed a mana viper
  1871 | D:2      | Noticed a black mamba
  1871 | D:2      | Noticed an anaconda
  1871 | D:2      | Noticed a merfolk
  1872 | D:2      | Noticed a shock serpent
  1872 | D:2      | Noticed a sea snake
  1873 | D:2      | Noticed a merfolk
  1874 | D:2      | Noticed a naga
  2122 | D:3      | Reached XP level 4. HP: 23/24 MP: 2/8
  2401 | D:3      | Killed from afar by an orc priest

Vault maps used:
D:1:      mrwooster_arrival_arrow
D:2:      chequers_ecumenical_altar_simple_redux, grunt_ashenzari_visionary
D:3:      first_bread

Skill      XL: |  1  2  3 |
---------------+----------+-----
Earth Magic    | 4 |  4.8
Spellcasting   | 3 |  3.1
Dodging        | |  1.5
Stealth        | |  2.1
Transmutations | |  0.7

Action                   |  1- 3 |  4- 6 || total
-------------------------+-------+-------++-------
Melee: Unarmed           |    82 |       ||    82
 Cast: Sandblast         |    42 |     6 ||    48
 Stab: Sleeping          |     3 |       ||     3
  Eat: Chunk             |     3 |       ||     3
Armor: Robe              |    19 |       ||    19
Dodge: Dodged            |    76 |       ||    76

Table legend:
 A = Spawn XP
 B = Non-spawn XP
 C = Spawn XP percentage of total XP
 D = Spawn monster count
 E = Non-spawn monster count
 F = Spawn count percentage of total count
 G = Total turns spent on level
                    A         B        C        D         E        F      G
               +---------+---------+-------+---------+---------+-------+---------
         Total |       0 |      84 |   0.0 |       0 |      31 |   0.0 |  2401
               +---------+---------+-------+---------+---------+-------+---------
           D:1 |       0 |      14 |   0.0 |       0 |       8 |   0.0 |  1177
           D:2 |       0 |      59 |   0.0 |       0 |      19 |   0.0 |  1202
           D:3 |       0 |      11 |   0.0 |       0 |       4 |   0.0 |    22
               +---------+---------+-------+---------+---------+-------+---------
